Map: Cyber Forest LE

Players

Arctur - Winner!

  • Race: Terran Terran
  • Spawn Location: 5:00

Losting

  • Race: Protoss Protoss
  • Spawn Location: 11:00

Event: 2019 WCS Spring

VOD

Have the link to the VOD?

Description

Time

  • Played on: May 17, 2019, 7:11 a.m.
  • Length: 6:16

All games in this series

Show
View Real Time Build Order
Export as new Build Order

Arctur Terran - Winner!

Build Orders: Liberator Opening, Reaper Expand 

Get SALT Encoding   

  12  0:00  SCV  
  13  0:12  SCV  
  14  0:17  Supply Depot  
  14  0:24  SCV  
  15  0:38  SCV  
  15  0:40  Barracks  
  16  0:43  Refinery  
  16  0:50  SCV  
  17  1:02  SCV  
  18  1:14  SCV  
  19  1:27  Reaper, Orbital Command  
  20  1:40  Command Center  
  20  1:49  Supply Depot  
  20  1:53  SCV  
  21  1:59  Marine  
  22  2:05  SCV  
  23  2:08  Factory  
  23  2:13  Refinery  
  23  2:17  SCV  
  23  2:20  Barracks Reactor  
  24  2:29  SCV  
  25  2:41  SCV  
  26  2:52  Widow Mine  
  26  2:53  SCV  
  26  2:54  Orbital Command  
  26  2:56  Starport, Marine x2  
  31  3:05  SCV  
  32  3:09  Supply Depot  
  32  3:14  Factory Tech Lab, Marine x2  
  32  3:17  SCV  
  36  3:20  SCV  
  36  3:29  SCV  
  36  3:31  Marine  
  36  3:32  SCV, Marine  
  36  3:33  Liberator, Siege Tank  
  43  3:41  SCV  
  43  3:44  SCV  
  45  3:49  Supply Depot, Marine x2  
  45  3:54  SCV  
  51  3:56  SCV, Supply Depot  
  52  4:06  SCV  
  52  4:08  SCV  
  54  4:13  Siege Tank, Marine  
  54  4:14  Marine  
  54  4:16  Supply Depot  
  59  4:18  SCV  
  59  4:20  SCV  
  61  4:28  Refinery  
  61  4:30  SCV  
  61  4:31  Supply Depot, Marine x2, Refinery  
  62  4:32  SCV  
  62  4:33  Medivac  
  67  4:42  SCV  
  67  4:44  SCV, Barracks  
  67  4:45  Barracks  
  69  4:50  Engineering Bay  
  69  4:54  SCV  
  69  4:56  SCV  
  69  4:58  Marine x2  
  72  5:07  SCV  
  76  5:08  SCV, Supply Depot  
  76  5:10  Starport Tech Lab  
  72  5:17  Missile Turret  
  72  5:18  Missile Turret, Factory Reactor  
  72  5:19  SCV  
  71  5:23  SCV  
  71  5:33  Missile Turret  
  71  5:35  Bunker x2  
  71  5:38  SCV  
  71  5:39  SCV  
  73  5:46  Marine  
  74  5:53  Starport Reactor  
  74  5:58  SCV x2  
  74  5:59  Supply Depot  
  74  6:03  Refinery  
  77  6:04  Supply Depot  
Show
View Real Time Build Order
Export as new Build Order

Losting Protoss 

Build Orders: 1 Gate Expand, Phoenix Opening 

Get SALT Encoding   

  12  0:01  Probe  
  13  0:13  Probe  
  14  0:20  Pylon  
  14  0:25  Probe  
  15  0:30  Assimilator  
  15  0:38  Probe  
  16  0:44  Gateway  
  16  0:46  Probe  
  16  0:54  Probe  
  18  1:05  Probe  
  19  1:17  Probe  
  20  1:28  Nexus  
  20  1:34  Cybernetics Core  
  20  1:36  Probe  
  21  1:43  Pylon  
  21  1:49  Probe  
  21  1:53  Assimilator  
  22  2:00  Adept  
  23  2:01  Probe  
  23  2:13  Probe  
  26  2:25  Probe  
  27  2:30  Adept  
  28  2:40  Probe x2  
  28  2:42  Stargate  
  29  2:48  Probe x2  
  29  2:51  Warp Gate  
  29  2:56  Probe x2  
  31  3:00  Adept  
  35  3:08  Probe x2  
  37  3:17  Phoenix  
  37  3:20  Probe x2  
  37  3:21  Pylon  
  41  3:32  Probe x2  
  43  3:44  Probe x2  
  43  3:47  Phoenix  
  45  3:55  Robotics Facility  
  45  3:57  Gateway  
  45  3:58  Gateway  
  45  4:05  Phoenix  
  45  4:07  Probe x2  
  45  4:08  Pylon  
  47  4:11  Assimilator  
  47  4:12  Assimilator  
  49  4:23  Probe  
  49  4:24  Probe  
  51  4:27  Phoenix  
  53  4:35  Pylon  
  53  4:36  Probe x2  
  55  4:48  Probe x2  
  55  4:50  Pylon  
  55  4:52  Phoenix  
  59  4:56  Pylon  
  59  4:59  Robotics Bay  
  59  5:00  Probe x2  
  61  5:17  Zealot, Sentry x2  
  63  5:23  Oracle, Shield Battery  
  63  5:25  Shield Battery  
  44  5:51  Adept x3  
Tags
 
Add a new tag
Caveats
  • Supply blocks, unpowered buildings, or Contaminate may cause inaccurate times.
  • Supply counts are checked every 10 seconds.